 Dungeon Crawl Stone Soup version 0.15.1-3-g1b33baa (webtiles) character file.

336 CrazyArbalest the Vandal (level 6, 0/42 HPs)
             Began as a Halfling Fighter on Oct 7, 2014.
             Was a Follower of Makhleb.
             Slain by Johnny's ghost (8 damage)
             ... in an ossuary.
             The game lasted 00:16:55 (3214 turns).

CrazyArbalest the Vandal (Halfling Fighter)         Turns: 3214, Time: 00:16:55

HP   0/42        AC  7     Str 16      XL: 6   Next: 84%
MP   6/6         EV 10     Int  7      God: Makhleb [*.....]
Gold 113         SH  6     Dex 16      Spells:  0 memorised,  5 levels left

rFire  . . .     SeeInvis .     b - +0 hunting sling (curse)
rCold  . . .     Clarity  .     u - +0 scale mail
rNeg   . . .     rCorr    .     c - +0 buckler
rPois  .         rRot     .     (no helmet)
rElec  .         Spirit   .     (no cloak)
SustAb .         Warding  .     (no gloves)
rMut   +         Stasis   .     (no boots)
Gourm  .                        r - amulet of resist mutation
MR     .....                    (no ring)
                                (no ring)

@: not resistant to hostile enchantments, extremely unstealthy
A: mutation resistance 1
a: Renounce Religion


You were in an ossuary.
You worshipped Makhleb.
Makhleb was aware of your devotion.
You were not hungry.

You visited 1 branch of the dungeon, and saw 4 of its levels.
You also visited: Ossuary.

You collected 113 gold pieces.

Inventory:

Hand weapons
 a - a +0 cutlass
 b - a cursed +0 hunting sling (weapon)
 D - a +1 short sword of venom
Missiles
 g - 108 stones (quivered)
 w - 2 exploding sling bullets
Armour
 c - a +0 buckler (worn)
 u - a +0 scale mail (worn)
Magical devices
 q - a wand of frost (0)
Comestibles
 d - 5 bread rations
 f - a beef jerky
 A - a meat ration
 F - a royal jelly
Scrolls
 k - a scroll of fear {unknown}
 l - a scroll of magic mapping {unknown}
 n - 3 scrolls of teleportation {unknown}
 s - 3 scrolls of identify {unknown}
 v - a scroll of noise {unknown}
 x - 4 scrolls of enchant weapon {unknown}
 y - a scroll of remove curse {unknown}
 z - a scroll of enchant armour {unknown}
 B - a scroll of fog {unknown}
Jewellery
 h - an uncursed ring of protection from fire {unknown}
 r - an amulet of resist mutation (around neck)
 t - a cursed amulet of the gourmand {unknown}
Potions
 e - a potion of might
 i - 2 potions of heal wounds {unknown}
 j - a potion of beneficial mutation {unknown}
 m - a potion of resistance {unknown}
 o - a potion of agility {unknown}
 p - a potion of haste {unknown}
 C - a potion of porridge
 E - a potion of confusion {unknown}


   Skills:
 + Level 3.0 Fighting
 + Level 3.2 Short Blades
 * Level 6.4 Slings
 + Level 4.2 Armour
 + Level 2.0 Dodging
 + Level 0.4 Stealth
 + Level 3.9 Shields


You had 5 spell levels left.
You didn't know any spells.

Dungeon Overview and Level Annotations

Branches:
Dungeon (4/15)
 Temple: D:4-7

Altars:
Makhleb
Xom

Annotations:
Ossuary Johnny's ghost, average DgIE


Innate Abilities, Weirdness & Mutations

You are small and have problems with some larger weapons.
You are somewhat resistant to further mutation.


Message History

You shoot a stone.
The stone closely misses Johnny's ghost.
Johnny's ghost gestures at you while chanting.
You are frozen.
* * * LOW HITPOINT WARNING * * *
Firing (i - inventory. (,) - cycle):
g - 110 stones (quivered)
Press: ? - help, Shift-Dir - straight line, f/p - Johnny's ghost
Aim: Johnny's ghost (almost destroyed)
You shoot a stone.
The stone closely misses Johnny's ghost.
You block Johnny's ghost's attack.
Firing (i - inventory. (,) - cycle):
g - 109 stones (quivered)
Press: ? - help, Shift-Dir - straight line, f/p - Johnny's ghost
Aim: Johnny's ghost (almost destroyed)
You shoot a stone.
The stone hits Johnny's ghost but does no damage.
Johnny's ghost is almost destroyed.
Johnny's ghost points at you and mumbles some strange words.
You are frozen.
You die...

#########################
#∩......@W(.....(.......(
#........................
#..###+###+###+###+###+##
#..# #..# #..# #..# #..+
#..#


You could see Johnny's ghost.

Vanquished Creatures
  An ogre (D:4)
  An orc priest (D:3)
  A worker ant (D:4)
  An orc wizard (D:4)
  Jessica (D:2)
  2 mummies (Ossuary)
  3 gnolls (D:3)
  2 adders (D:3)
  A giant mite (D:3)
  2 worms (D:3)
  An orc skeleton (D:4)
  3 giant geckos
  An ooze (D:2)
  6 orcs
  2 ball pythons
  A giant cockroach (D:3)
  7 hobgoblins
  6 bats
  2 giant newts
  9 goblins
  8 kobolds
  6 rats
67 creatures vanquished.

Notes
Turn   | Place    | Note
--------------------------------------------------------------
     0 | D:1      | CrazyArbalest, the Halfling Fighter, began the quest for the Orb.
     0 | D:1      | Reached XP level 1. HP: 15/15 MP: 1/1
   210 | D:1      | Reached XP level 2. HP: 17/20 MP: 2/2
   724 | D:2      | Noticed Jessica
   735 | D:2      | Killed Jessica
   735 | D:2      | Reached XP level 3. HP: 13/25 MP: 3/3
  1386 | D:2      | Found a burning altar of Makhleb.
  1405 | D:2      | Became a worshipper of Makhleb the Destroyer
  1721 | D:3      | Reached skill level 1 in Dodging
  1721 | D:3      | Reached XP level 4. HP: 26/30 MP: 4/4
  1775 | D:3      | Reached skill level 4 in Armour
  1777 | D:3      | Reached skill level 1 in Slings
  2163 | D:3      | Found a shimmering altar of Xom.
  2221 | D:3      | Acquired Makhleb's first power
  2237 | D:3      | Reached XP level 5. HP: 5/36 MP: 5/5
  2924 | D:4      | Reached skill level 5 in Slings
  2924 | D:4      | Reached XP level 6. HP: 37/42 MP: 6/6
  3021 | D:4      | Noticed an ogre
  3024 | D:4      | Killed an ogre
  3024 | D:4      | Reached skill level 6 in Slings
  3075 | D:4      | Found a sand-covered staircase.
  3113 | Ossuary  | Entered an ossuary
  3174 | Ossuary  | Noticed Johnny's ghost (average DgIE)
  3214 | Ossuary  | Slain by Johnny's ghost

Action                   |  1- 3 |  4- 6 || total
-------------------------+-------+-------++-------
Melee: Cutlass           |    91 |       ||    91
 Fire: Hunting sling     |    10 |   217 ||   227
Evoke: Wand              |       |    13 ||    13
  Eat: Chunk             |     2 |     5 ||     7
